A+ - U26
SAN JOSE GIANTS @ SANTA CRUZ CRUISERS
08/17/2052
 
TOP OF THE 1ST
San Bernardino Stampede batting - Pitching for San Jose Giants : RHP Robbie Minella
Pitching: RHP Robbie Minella
Batting: RHB Nathan Burris 0-0: Fly out, F6 (Popup, P, EV 70.6 MPH)
Batting: LHB Angel Ramirez 0-0: Called Strike
0-1: Swinging Strike
0-2: Ball
1-2: SINGLE (Line Drive, 6MD, EV 98.1 MPH)
Batting: LHB Doug Partridge 0-0: Ball
1-0: Grounds into double play, 4-6-3 (Groundball, 4, EV 88.8 MPH)
Top of the 1st over - 0 runs, 1 hit, 0 errors, 0 left on base; San Bernardino 0 - San Jose 0
BOTTOM OF THE 1ST
San Jose Giants batting - Pitching for San Bernardino Stampede : RHP Enrique Perez
Pitching: RHP Enrique Perez
Batting: LHB Peter Stafford 0-0: Ball
1-0: Called Strike
1-1: Called Strike
1-2: Foul Ball, location: 2F
1-2: Strikes out swinging
Batting: LHB Castel De La Cruz 0-0: Ball
1-0: Called Strike
1-1: Swinging Strike
1-2: Foul Ball, location: 2F
1-2: Foul Ball, location: 2F
1-2: Ball
2-2: Ground out 6-3 (Groundball, 6, EV 90.6 MPH)
Batting: RHB Antonio Jacome 0-0: Called Strike
0-1: Ball
1-1: Ball
2-1: SINGLE (Groundball, 6D, EV 101.9 MPH)
Batting: LHB Elwin Novakovic 0-0: Ball
1-0: Foul Ball, location: 2F
1-1: SINGLE (Groundball, 34D, EV 94.4 MPH)
Antonio Jacome to second
Runner from 2nd tries for 3rd, SAFE, no throw by RF
Batting: RHB Vladimir Muñoz 0-0: Ball
1-0: Ball
2-0: Called Strike
2-1: Fielders Choice at 2nd, 6-4 (Groundball, 6, EV 79.4 MPH)
Bottom of the 1st over - 0 runs, 2 hits, 0 errors, 2 left on base; San Bernardino 0 - San Jose 0
TOP OF THE 2ND
San Bernardino Stampede batting - Pitching for San Jose Giants : RHP Robbie Minella
Batting: LHB Ronnie Beals 0-0: Ball
1-0: Foul Ball, location: 2F
1-1: Foul Ball, location: 2F
1-2: Foul Ball, location: 2F
1-2: Ball
2-2: Ball
3-2: Foul Ball, location: 2F
3-2: Strikes out swinging
Batting: LHB Dominic Donner 0-0: Ball
1-0: SOLO HOME RUN (Flyball, 89XD, EV 114.4 MPH), Distance : 430 ft
Batting: RHB Alonzo Palestino 0-0: Ball
1-0: Fly out, F8 (Flyball, 8LD, EV 110.6 MPH)
Batting: LHB Esteban Alvirde 0-0: Ground out U3 (Groundball, 34, EV 85.0 MPH)
Top of the 2nd over - 1 run, 1 hit, 0 errors, 0 left on base; San Bernardino 1 - San Jose 0
BOTTOM OF THE 2ND
San Jose Giants batting - Pitching for San Bernardino Stampede : RHP Enrique Perez
Batting: RHB Marc Kawamura 0-0: Called Strike
0-1: Swinging Strike
0-2: Ball
1-2: Ball
2-2: Strikes out swinging
Batting: RHB Beau Frye 0-0: Called Strike
0-1: Fly out, F6 (Popup, 6MD, EV 68.8 MPH)
Batting: RHB M.C. Gillespie 0-0: Ball
1-0: Called Strike
1-1: SOLO HOME RUN (Flyball, 7D, EV 100.6 MPH), Distance : 385 ft
Batting: RHB Ovid Piper 0-0: Ball
1-0: Ground out 5-3 (Groundball, 56S, EV 91.2 MPH)
Bottom of the 2nd over - 1 run, 1 hit, 0 errors, 0 left on base; San Bernardino 1 - San Jose 1
TOP OF THE 3RD
San Bernardino Stampede batting - Pitching for San Jose Giants : RHP Robbie Minella
Batting: LHB Landon Locke 0-0: Ball
1-0: Ground out U3 (Groundball, 34, EV 87.5 MPH)
Batting: RHB Benjamin Enoch 0-0: Called Strike
0-1: Called Strike
0-2: Ball
1-2: Strikes out looking
Batting: RHB Nathan Burris 0-0: Ball
1-0: Called Strike
1-1: Called Strike
1-2: Ball
2-2: Strikes out swinging
Top of the 3rd over - 0 runs, 0 hits, 0 errors, 0 left on base; San Bernardino 1 - San Jose 1
BOTTOM OF THE 3RD
San Jose Giants batting - Pitching for San Bernardino Stampede : RHP Enrique Perez
Batting: LHB Peter Stafford 0-0: Called Strike
0-1: Foul Ball, location: 2F
0-2: Ball
1-2: Strikes out swinging
Batting: LHB Castel De La Cruz 0-0: Foul Ball, location: 2F
0-1: Ball
1-1: Ball
2-1: Called Strike
2-2: Foul Ball, location: 2F
2-2: Hit by Pitch
Batting: RHB Antonio Jacome 0-0: Ball
1-0: Ball
2-0: Swinging Strike
2-1: SINGLE (Flyball, 89S, EV 93.1 MPH)
Castel De La Cruz to second
Batting: LHB Elwin Novakovic 0-0: Called Strike
0-1: Ball
1-1: Fly out, F2 (Popup, 2R, EV 92.5 MPH)
Batting: RHB Vladimir Muñoz 0-0: Ball
1-0: Foul Ball, location: 2F
1-1: Foul Ball, location: 2F
1-2: Ball
2-2: Foul Ball, location: 2F
2-2: Foul Ball, location: 2F
2-2: Strikes out swinging
Bottom of the 3rd over - 0 runs, 1 hit, 0 errors, 2 left on base; San Bernardino 1 - San Jose 1
TOP OF THE 4TH
San Bernardino Stampede batting - Pitching for San Jose Giants : RHP Robbie Minella
Batting: LHB Angel Ramirez 0-0: Ground out 6-3 (Groundball, 6M, EV 78.1 MPH)
Batting: LHB Doug Partridge 0-0: Foul Ball, location: 2F
0-1: Foul Ball, location: 2F
0-2: Ball
1-2: Ball
2-2: Strikes out swinging
Batting: LHB Ronnie Beals 0-0: Fly out, F4 (Popup, 4S, EV 70.6 MPH)
Top of the 4th over - 0 runs, 0 hits, 0 errors, 0 left on base; San Bernardino 1 - San Jose 1
BOTTOM OF THE 4TH
San Jose Giants batting - Pitching for San Bernardino Stampede : RHP Enrique Perez
Batting: RHB Marc Kawamura 0-0: Called Strike
0-1: Ball
1-1: Ball
2-1: Foul Ball, location: 2F
2-2: Strikes out looking
Batting: RHB Beau Frye 0-0: Called Strike
0-1: Swinging Strike
0-2: Ball
1-2: Fly out, F8 (Flyball, 89M, EV 75.6 MPH)
Batting: RHB M.C. Gillespie 0-0: Ball
1-0: Foul Ball, location: 2F
1-1: Called Strike
1-2: Strikes out looking
Bottom of the 4th over - 0 runs, 0 hits, 0 errors, 0 left on base; San Bernardino 1 - San Jose 1
TOP OF THE 5TH
San Bernardino Stampede batting - Pitching for San Jose Giants : RHP Robbie Minella
Pitching: RHP Holmes Bates
Batting: LHB Dominic Donner 0-0: Ball
1-0: Ball
2-0: Ground out U3 (Groundball, 34, EV 103.1 MPH)
Batting: RHB Alonzo Palestino 0-0: Called Strike
0-1: Ball
1-1: Foul Ball, location: 2F
1-2: Ball
2-2: Strikes out swinging
Batting: LHB Esteban Alvirde 0-0: Foul Ball, location: 2F
0-1: Foul Ball, location: 2F
0-2: SOLO HOME RUN (Flyball, 89XD, EV 106.9 MPH), Distance : 405 ft
Batting: LHB Landon Locke 0-0: Ball
1-0: SINGLE (Groundball, 34D, EV 95.0 MPH)
Batting: RHB Benjamin Enoch 0-0: Ball
1-0: Ball
2-0: SINGLE (Groundball, 34, EV 103.1 MPH)
Landon Locke to second
Runner from 2nd tries for 3rd, SAFE, no throw by RF
Batting: RHB Nathan Burris 0-0: Ball
1-0: Foul Ball, location: 2F
1-1: Fly out, F7 (Flyball, 7, EV 92.5 MPH)
Top of the 5th over - 1 run, 3 hits, 0 errors, 2 left on base; San Bernardino 2 - San Jose 1
BOTTOM OF THE 5TH
San Jose Giants batting - Pitching for San Bernardino Stampede : RHP Enrique Perez
Batting: RHB Ovid Piper 0-0: Ball
1-0: Ball
2-0: Ground out 4-3 (Groundball, 4M, EV 90.6 MPH)
Batting: LHB Peter Stafford 0-0: Foul Ball, location: 2F
0-1: Ball
1-1: Fly out, F8 (Line Drive, 8LD, EV 90.6 MPH)
Pitching: RHP Dalton Windham
Batting: LHB Castel De La Cruz 0-0: Called Strike
0-1: Foul Ball, location: 2F
0-2: Ground out 4-3 (Groundball, 4, EV 86.2 MPH)
Bottom of the 5th over - 0 runs, 0 hits, 0 errors, 0 left on base; San Bernardino 2 - San Jose 1
TOP OF THE 6TH
San Bernardino Stampede batting - Pitching for San Jose Giants : RHP Holmes Bates
Batting: LHB Angel Ramirez 0-0: Fly out, F6 (Flyball, 5D, EV 94.4 MPH)
Batting: LHB Doug Partridge 0-0: Ball
1-0: Fly out, F8 (Flyball, 8LS, EV 90.0 MPH)
Batting: LHB Ronnie Beals 0-0: Ball
1-0: Foul Ball, location: 2F
1-1: Ball
2-1: Ball
3-1: Called Strike
3-2: Strikes out swinging
Top of the 6th over - 0 runs, 0 hits, 0 errors, 0 left on base; San Bernardino 2 - San Jose 1
BOTTOM OF THE 6TH
San Jose Giants batting - Pitching for San Bernardino Stampede : RHP Dalton Windham
Batting: RHB Antonio Jacome 0-0: Fly out, F8 (Line Drive, 8RM, EV 94.4 MPH)
Batting: LHB Elwin Novakovic 0-0: Foul Ball, location: 2F
0-1: Ball
1-1: Ball
2-1: Ball
3-1: Swinging Strike
3-2: Strikes out looking
Batting: RHB Vladimir Muñoz 0-0: Ball
1-0: Ball
2-0: Foul Ball, location: 2F
2-1: Called Strike
2-2: Strikes out looking
Bottom of the 6th over - 0 runs, 0 hits, 0 errors, 0 left on base; San Bernardino 2 - San Jose 1
TOP OF THE 7TH
San Bernardino Stampede batting - Pitching for San Jose Giants : RHP Holmes Bates
Batting: LHB Dominic Donner 0-0: Called Strike
0-1: Swinging Strike
0-2: Strikes out swinging
Batting: RHB Alonzo Palestino 0-0: SINGLE (Groundball, 6MD, EV 111.9 MPH)
Batting: LHB Esteban Alvirde 0-0: Ball
1-0: Fielders Choice at 2nd, 1-6 (Groundball, 34S, EV 68.1 MPH)
Batting: LHB Landon Locke 0-0: Fly out, F6 (Popup, 15, EV 84.4 MPH)
Top of the 7th over - 0 runs, 1 hit, 0 errors, 1 left on base; San Bernardino 2 - San Jose 1
BOTTOM OF THE 7TH
San Jose Giants batting - Pitching for San Bernardino Stampede : RHP Dalton Windham
Batting: RHB Marc Kawamura 0-0: Ball
1-0: Ball
2-0: Fly out, F9 (Line Drive, 9, EV 92.5 MPH)
Batting: RHB Beau Frye 0-0: Fly out, F8 (Flyball, 8RS, EV 81.2 MPH)
Batting: RHB M.C. Gillespie 0-0: Ground out 5-3 (Groundball, 5S, EV 72.5 MPH)
Bottom of the 7th over - 0 runs, 0 hits, 0 errors, 0 left on base; San Bernardino 2 - San Jose 1
TOP OF THE 8TH
San Bernardino Stampede batting - Pitching for San Jose Giants : RHP Holmes Bates
Batting: RHB Benjamin Enoch 0-0: Ground out 6-3 (Groundball, P, EV 86.2 MPH)
Batting: RHB Nathan Burris 0-0: Called Strike
0-1: Called Strike
0-2: Ball
1-2: Ground out 5-3 (Groundball, 5, EV 83.8 MPH)
Batting: LHB Angel Ramirez 0-0: Called Strike
0-1: Ball
1-1: Foul Ball, location: 2F
1-2: Ball
2-2: Ball
3-2: Base on Balls
Pitching: RHP Sam Green
Batting: LHB Doug Partridge 0-0: Ball
1-0: Called Strike
1-1: Ball
Wild Pitch!
Angel Ramirez to second
2-1: Ball
3-1: Base on Balls
Batting: LHB Ronnie Beals 0-0: Fly out, F9 (Flyball, 9LM, EV 86.9 MPH)
Top of the 8th over - 0 runs, 0 hits, 0 errors, 2 left on base; San Bernardino 2 - San Jose 1
BOTTOM OF THE 8TH
San Jose Giants batting - Pitching for San Bernardino Stampede : RHP Dalton Windham
Pinch Hitting: RHB Jim Seibert 0-0: Called Strike
0-1: SINGLE (Line Drive, 34, EV 103.8 MPH)
Pitching: LHP Jon Quintero
Pinch Hitting: RHB Ralph Overholt 0-0: Called Strike
0-1: DOUBLE (Flyball, 8RXD, EV 107.5 MPH)
Jim Seibert to third
Pinch Hitting: RHB Troy Lemmons 0-0: Called Strike
0-1: Ball
1-1: DOUBLE (Line Drive, 89D, EV 97.5 MPH)
Jim Seibert scores
Ralph Overholt scores
Batting: RHB Antonio Jacome 0-0: Intentional Walk
Batting: LHB Elwin Novakovic 0-0: Fly out, F4 (Popup, 34S, EV 80.6 MPH)
Batting: RHB Vladimir Muñoz 0-0: Foul Ball, location: 2F
0-1: Ball
1-1: Foul Ball, location: 2F
1-2: Grounds into double play, 5-4-3 (Groundball, 56S, EV 85.6 MPH)
Bottom of the 8th over - 2 runs, 3 hits, 0 errors, 1 left on base; San Bernardino 2 - San Jose 3
TOP OF THE 9TH
San Bernardino Stampede batting - Pitching for San Jose Giants : RHP Sam Green
Pitching: RHP Pat Walton
Now at 1B: Jim Seibert
Now at SS: Karmen Botelho
Now in RF: Alvaro Bencosme
Batting: LHB Dominic Donner 0-0: Called Strike
0-1: Fly out, F5 (Popup, 5SF, EV 72.5 MPH)
Pinch Hitting: LHB Estevan Cordoba 0-0: Called Strike
0-1: Ball
1-1: Ball
2-1: Called Strike
2-2: Ball
3-2: SINGLE (Groundball, 3D, EV 100.6 MPH)
Batting: LHB Esteban Alvirde 0-0: Ball
1-0: Ball
2-0: Called Strike
2-1: Swinging Strike
2-2: Ball
3-2: Base on Balls
Estevan Cordoba to second
Batting: LHB Landon Locke 0-0: Ball
Wild Pitch!
Estevan Cordoba to third
Esteban Alvirde to second
1-0: Foul Ball, location: 2F
1-1: DOUBLE (Line Drive, 9LM, EV 107.5 MPH)
Estevan Cordoba scores
Esteban Alvirde scores
Pinch Hitting: LHB Felipe Torrellas 0-0: Intentional Walk
Batting: RHB Nathan Burris 0-0: Called Strike
0-1: Ball
1-1: Called Strike
1-2: Ball
2-2: Foul Ball, location: 2F
2-2: Ball
Passed Ball!
Landon Locke to third
Felipe Torrellas to second
3-2: Base on Balls
Pitching: RHP Miguel Baez
Batting: LHB Angel Ramirez 0-0: Ball
1-0: Ball
2-0: Ball
3-0: Base on Balls
Landon Locke scores
Felipe Torrellas to third
Nathan Burris to second
Batting: LHB Doug Partridge 0-0: Ball
1-0: Ball
2-0: Ball
3-0: Called Strike
3-1: Base on Balls
Felipe Torrellas scores
Nathan Burris to third
Angel Ramirez to second
Batting: LHB Ronnie Beals 0-0: Ball
1-0: Called Strike
1-1: SINGLE (Groundball, 56, EV 86.2 MPH) (infield hit)
Nathan Burris scores
Angel Ramirez to third
Doug Partridge to second
Batting: LHB Dominic Donner 0-0: SINGLE (Groundball, 4MD, EV 99.4 MPH)
Angel Ramirez scores
Doug Partridge to third
Ronnie Beals to second
Batting: LHB Estevan Cordoba 0-0: Ball
1-0: Foul Ball, location: 2F
1-1: Ball
2-1: Called Strike
2-2: Foul Ball, location: 2F
2-2: Ball
3-2: Foul Ball, location: 2F
3-2: Foul Ball, location: 2F
3-2: SINGLE (Line Drive, 9LS, EV 90.6 MPH)
Doug Partridge scores
Ronnie Beals to third
Dominic Donner to second
Runner from 3rd tries for Home, SAFE, throw by RF to home
Batting: LHB Esteban Alvirde 0-0: Foul Ball, location: 2F
0-1: Swinging Strike
0-2: Ball
1-2: Fly out, F9 (Flyball, 9LD, EV 82.5 MPH)
Batting: LHB Landon Locke 0-0: Ball
1-0: Ball
2-0: Foul Ball, location: 2F
2-1: Ball
3-1: Foul Ball, location: 2F
3-2: Base on Balls
Dominic Donner to third
Estevan Cordoba to second
Batting: LHB Felipe Torrellas 0-0: Ball
1-0: Ball
2-0: Foul Ball, location: 2F
2-1: Ball
3-1: Base on Balls
Dominic Donner scores
Estevan Cordoba to third
Landon Locke to second
Pitching: LHP Kieran Funk
Batting: RHB Nathan Burris 0-0: Foul Ball, location: 2F
0-1: Foul Ball, location: 2F
0-2: Ball
1-2: Ground out 1-3 (Groundball, P, EV 73.1 MPH)
Top of the 9th over - 9 runs, 5 hits, 0 errors, 3 left on base; San Bernardino 11 - San Jose 3
BOTTOM OF THE 9TH
San Jose Giants batting - Pitching for San Bernardino Stampede : LHP Jon Quintero
Now at C: Felipe Torrellas
Now in LF: Estevan Cordoba
Batting: RHB Marc Kawamura 0-0: Ball
1-0: Called Strike
1-1: Ball
2-1: Swinging Strike
2-2: Foul Ball, location: 2F
2-2: Strikes out swinging
Batting: RHB Beau Frye 0-0: Ball
1-0: Called Strike
1-1: Ball
2-1: Ground out 5-3 (Groundball, 5S, EV 90.6 MPH)
Pinch Hitting: RHB Raul Delgado 0-0: Foul Ball, location: 2F
0-1: Ground out 5-3 (Groundball, 56S, EV 75.0 MPH)
Bottom of the 9th over - 0 runs, 0 hits, 0 errors, 0 left on base; San Bernardino 11 - San Jose 3
Friday, May 3rd , 2024 - OOTP Baseball 24.11 Build 85